AoeStats
← KK

MegaRandom

506660984Analyzed
4v4 RM · 19d ago on Sep 14, 2026· 14m 6s· 8 players
Game mode
Random Map
Map size
Large (8 player)
Population
200
Speed
Normal
Resources
Standard
Victory
Conquest
Starting age
Dark Age
Ending age
Imperial Age
RankedLock teamsTeams togetherTeam positionsShared explorationLock speedFull tech treeHidden civsTurbo modeCheats
Victory
Defeat
🇨🇳 Mongols · China
1491
+14
🇹🇼 Koreans · Taiwan
1449
+15
🇭🇰 Turks · Hong Kong SAR China
1437
+16
🇲🇴 Franks · Macao SAR China
1434
+16
🇹🇷 Sicilians · Türkiye
1462
-16
🇫🇷 Magyars · France
1454
-16
🇨🇦 Vietnamese · Canada
1423
-15
🇩🇪 Jurchens · Germany
1407
-14
jardan1234
9:54 Loom
12:11 Feudal Age
KK
6:27 Loom
9:30 Feudal Age
10:18 Double-Bit Axe
HOU
11:33 Feudal Age
16:03 Castle Age
Whale
10:46 Feudal Age
11:13 Double-Bit Axe
13:05 Fishing Lines
13:59 Fishing Lines
HilkZ
9:46 Loom
12:34 Feudal Age
13:11 Double-Bit Axe
14:10 Fletching
14:08 Horse Collar
antorse31
10:59 Feudal Age
Dwight
9:11 Loom
11:13 Feudal Age
vladtepes
11:15 Feudal Age
15:44 Castle Age
13:36 Double-Bit Axe
Connection lost

Rejoining the realm…

Still unreachable

The connection could not be restored.

Session expired

The server has moved on; the page needs a fresh start.